 Dungeon Crawl Stone Soup version 0.21-a0-150-gc243083 (webtiles) character file.

613 drasked the Magician (level 7, -12/36 HPs)
             Began as a Deep Elf Fire Elementalist on July 28, 2017.
             Mangled by an ogre
             ... wielding a +0 giant spiked club
              (26 damage)
             ... on level 4 of the Dungeon.
             The game lasted 00:17:52 (4511 turns).

drasked the Magician (Deep Elf Fire Elementalist)   Turns: 4511, Time: 00:17:53

Health: -12/36     AC:  7    Str:  5    XL:     7   Next: 20%
Magic:  6/17       EV: 13    Int: 22    God:
Gold:   202        SH:  5    Dex: 15    Spells: 7/17 levels left

rFire    . . .     SeeInvis +   y - +0 blowgun
rCold    . . .     Gourm    .   (no shield)
rNeg     . . .     Faith    .   a - +0 robe
rPois    .         Spirit   .   p - +0 helmet
rElec    .         Reflect  +   (no cloak)
rCorr    .         Harm     .   t - +0 pair of gloves
MR       .....                  B - +2 pair of boots {Fly}
Stlth    ++........             w - +5 amulet of reflection
HPRegen  0.12/turn              x - ring of see invisible {sInv, !d}
MPRegen  0.15/turn              (no ring)

@: flying, very slightly contaminated
A: no striking features
a: Stop Flying


You were on level 4 of the Dungeon.
You were not hungry.

You visited 1 branch of the dungeon, and saw 4 of its levels.

You collected 202 gold pieces.

Inventory:

Hand Weapons
 f - a +0 dagger
   (You took it off a goblin on level 1 of the Dungeon)
 y - a +0 blowgun (weapon)
   (You found it on level 3 of the Dungeon)
Missiles
 l - a throwing net {=f, !d}
 z - 3 poisoned needles (quivered)
Armour
 a - a +0 robe (worn)
 p - a +0 helmet (worn)
   (You took it off Robin on level 2 of the Dungeon)
 t - a +0 pair of gloves (worn)
   (You found it on level 3 of the Dungeon)
 B - a +2 pair of boots of flying (worn)
   (You found it on level 3 of the Dungeon)
Jewellery
 k - an uncursed amulet of faith {Faith, !P}
   (You found it on level 2 of the Dungeon)
 w - a +5 amulet of reflection (around neck)
   (You found it on level 3 of the Dungeon)
 x - a ring of see invisible (left hand) {sInv, !d}
   (You found it on level 3 of the Dungeon)
Scrolls
 d - 3 scrolls of immolation {unknown}
 h - a scroll of amnesia {unknown}
 j - 3 scrolls of identify
 n - 2 scrolls of teleportation {unknown}
 r - 2 scrolls of remove curse {unknown}
 v - a scroll of fog {unknown}
Potions
 e - 2 potions of degeneration {unknown}
 g - a potion of haste {unknown}
 i - a potion of magic {unknown}
 m - 2 potions of heal wounds {unknown}
 q - a potion of brilliance {unknown}
 u - a potion of flight {unknown}
 A - a potion of might {unknown}
Books
 b - a book of Flames
Comestibles
 c - 5 bread rations {@e1}
 s - 2 royal jellies


   Skills:
 - Level 2.4 Dodging
 - Level 2.4 Stealth
 + Level 5.8 Spellcasting
 * Level 5.8 Conjurations
 * Level 5.6 Fire Magic


You had 7 spell levels left.
You knew the following spells:

 Your Spells              Type           Power        Failure   Level  Hunger
a - Flame Tongue          Conj/Fire      ####.        1%          1    None
c - Conjure Flame         Conj/Fire      ####....     2%          3    ##.....
s - Sticky Flame          Conj/Fire      ####....     9%          4    ####...
x - Throw Flame           Conj/Fire      ####..       1%          2    None


Dungeon Overview and Level Annotations

Branches:
Dungeon (4/15)
 Temple: D:4-7

Altars:
Cheibriados
Zin


Message History

Aim: an orc, wearing a leather armour The flame tongue hits the orc.
You kill the orc!
The orc looks more healthy.
Aim: an orc (severely wounded)
The flame tongue misses the orc.
You now have 2/17 mp.
Aim: an orc (heavily wounded)
The flame tongue misses the orc.
You now have 1/17 mp.
Aim: an orc (heavily wounded)
The flame tongue hits the orc.
You kill the orc!
You now have 0/17 mp.
You see here an orc corpse.
You butcher the orc corpse.
o - 5 chunks of flesh {@w0} (gained 4)
You start resting.
Some of the chunks of flesh in your inventory have rotted away.
Eating one of 4 chunks of flesh {@w0}.
You eat one of the 4 chunks of flesh {@w0}.
You see here a leather armour.
Items here: )) [ † a dagger; a robe; a short sword; an orc corpse
z - 2 poisoned needles (gained 1)
Things that are here:
a dagger; a robe
z - 3 poisoned needles (gained 1)
s - 2 royal jellies (gained 1)
Found a stone staircase leading up.
MP restored: 17 A frilled lizard comes into view.
A frilled lizard is nearby!
Aim: a frilled lizard (resting)
Your line of fire to the frilled lizard is blocked by a plant.
Continue anyway?
Okay, then.
The frilled lizard hisses angrily.
Aim: a frilled lizard The puff of flame hits the frilled lizard.
You kill the frilled lizard!
You now have 15/17 mp.
Unknown command.
Found an escape hatch in the ceiling.
e - 2 murky pink potions (gained 1) All of the chunks of flesh in your inventory have rotted away.
An orc priest comes into view. It is wielding a mace.
The orc priest moves out of view.
An orc priest comes into view. It is wielding a dagger.
MP restored: 17
Aim: an orc priest, wielding a dagger (hasn't noticed you)
You miscast Throw Flame.
You are very lightly contaminated with residual magic.
You hear a sizzling sound.
The orc priest shouts!
You now have 15/17 mp.
The orc priest mumbles some strange prayers to Beogh against you.
Beogh smites you!
You take 10 damage, and have 26/36 hp.
MASSIVE DAMAGE!!
An orc comes into view.
The orc moves out of view.
You block the orc priest's attack.
Aim: an orc priest, wielding a dagger The sticky flame hits the orc priest.
The orc priest is covered in liquid flames!
The orc priest burns!
You block the orc priest's attack.
You now have 12/17 mp.
Aim: an orc priest, wielding a dagger (heavily wounded, covered in liquid flames)
You miscast Flame Tongue.
Wisps of smoke drift from your hands.
The orc priest burns!
The orc priest calls down the wrath of Beogh upon you.
You struggle to resist.
You now have 11/17 mp.
Aim: an orc priest, wielding a dagger (severely wounded, covered in liquid flames)
The flame tongue hits the orc priest.
You kill the orc priest!
The orc barely misses you.
An ogre comes into view. It is wielding a giant spiked club.
Aim: an orc, wearing a chain mail The flame tongue hits the orc.
The orc priest shouts!
The orc priest casts a cantrip, but nothing happens.
The orc hits you but does no damage.
You now have 10/17 mp.
Aim: an orc, wearing a chain mail (heavily wounded)
The flame tongue hits the orc.
The orc appears unharmed.
The orc barely misses you.
Aim: an orc, wearing a chain mail (heavily wounded)
The flame tongue hits the orc.
The orc appears unharmed.
The orc closely misses you.
You now have 9/17 mp.
The orc priest looks encouraged for a moment.
The orc priest invokes the aid of Beogh against you.
Beogh smites you!
You take 15 damage, and have 14/36 hp.
MASSIVE DAMAGE!!
Aim: an ogre, wielding a giant spiked club The sticky flame hits the ogre.
The ogre is covered in liquid flames!
The ogre burns!
The ogre hits you with a giant spiked club!!
Ouch! That really hurt!
You die...

#..............##..........♣.♣
#..............##.........##..
#.........#######.........#♣.♣
#....♣.♣.♣.# #.o.....[...##..
#........#.# #.......###.#♣.♣
####.♣...♣.# #.......# #.#..#
#.....#.## #.......# #.#.##
########♣#♣.♣..###.....).###...#
................@Oo...........##
##############..##.......########
##########.......................
#........#.####..#.......######.#
#........#.# ##.######### #..
#........#.#####..##############.
.................................
#........#.######.##############.
####.#####.# #.# ##


You could see an ogre (burning) and an orc.

Vanquished Creatures
  2 ogres (D:4)
  A water moccasin zombie (D:3)
  3 orc priests (D:4)
  2 orc wizards (D:4)
  Jessica (D:2)
  A hound skeleton (D:4)
  Robin (D:2)
  6 adders
  An ooze (D:4)
  3 worms (D:3)
  2 dart slugs
  3 leopard geckos
  9 orcs (D:4)
  3 giant cockroaches (D:1)
  18 goblins
  15 hobgoblins
  6 jackals (D:2)
  3 quokkas
  A ball python (D:3)
  6 bats
  5 frilled lizards
  8 kobolds
  12 rats
112 creatures vanquished.

Vanquished Creatures (others)
  A kobold (D:3)
1 creature vanquished.

Grand Total: 113 creatures vanquished

Notes
Turn   | Place    | Note
-------+----------+-------------------------------------------
     0 | D:1      | drasked the Deep Elf Fire Elementalist began the quest for the Orb.
     0 | D:1      | Reached XP level 1. HP: 10/10 MP: 6/6
    99 | D:1      | Reached XP level 2. HP: 14/15 MP: 2/8
   177 | D:1      | Learned a level 2 spell: Throw Flame
   206 | D:1      | Reached skill level 2 in Conjurations
   748 | D:2      | Noticed Jessica
   817 | D:2      | Killed Jessica
   817 | D:2      | Reached skill level 4 in Spellcasting
   817 | D:2      | Reached skill level 3 in Conjurations
   817 | D:2      | Reached XP level 3. HP: 19/19 MP: 4/10
  1086 | D:2      | Reached XP level 4. HP: 24/24 MP: 2/12
  1096 | D:2      | Learned a level 3 spell: Conjure Flame
  1101 | D:2      | Learned a level 4 spell: Sticky Flame
  1285 | D:2      | Found a snail-covered altar of Cheibriados.
  1429 | D:2      | Noticed Robin
  1463 | D:2      | Killed Robin
  1872 | D:2      | Found a faded altar of an unknown god.
  2496 | D:3      | Reached XP level 5. HP: 27/28 MP: 13/13
  2500 | D:3      | Reached skill level 4 in Conjurations
  2879 | D:3      | Reached skill level 4 in Fire Magic
  3284 | D:3      | Found a glowing silver altar of Zin.
  3285 | D:3      | Noticed an angel
  3522 | D:4      | Noticed an ogre
  3545 | D:4      | Killed an ogre
  3545 | D:4      | Reached skill level 5 in Spellcasting
  3545 | D:4      | Reached XP level 6. HP: 32/32 MP: 9/15
  3706 | D:4      | Reached skill level 5 in Conjurations
  3841 | D:4      | Reached skill level 5 in Fire Magic
  3868 | D:4      | Got a turquoise-encrusted ring mail
  3880 | D:4      | Identified the +2 ring mail of Music {-Cast Int+8 Dex+4} (You found it on level 4 of the Dungeon)
  4157 | D:4      | Reached XP level 7. HP: 36/36 MP: 11/17
  4511 | D:4      | Mangled by an ogre

Vault maps used:
D:1:      tarquinn_simple_flora_water_e, serial_corexii_hall,
          corexii_hall_statues_t, corexii_hall_statues_x, minmay_pentomino_p2
D:2:      nicolae_overflow_crystal_walls, chequers_ecumenical_altar_twisty,
          uniq_jessica, uniq_robin
D:3:      wad_river_or_something, zin_angel
D:4:      nicolae_overflow_hidden_temple, serial_forest,
          infiniplex_forest_lined_corner, infiniplex_forest_clump_small,
          infiniplex_forest_lined_room_2, infiniplex_forest_clump_diagonal,
          infiniplex_forest_lined_room_3, infiniplex_forest_clump_C,
          infiniplex_forest_lined_room_, infiniplex_forest_lined_room_,
          first_bread

Skill      XL: |  1  2  3  4  5  6 |
---------------+-------------------+-----
Conjurations   | 3 4 5 |  5.8
Spellcasting   | 4 5 |  5.8
Fire Magic     | 4 5 |  5.6
Dodging        | |  2.4
Stealth        | |  2.4

Action                   |  1- 3 |  4- 6 |  7- 9 || total
-------------------------+-------+-------+-------++-------
Melee: Unarmed           |     1 |       |       ||     1
       Dagger            |       |    81 |       ||    81
 Fire: Blowgun           |       |    21 |     2 ||    23
 Cast: Flame Tongue      |    34 |    81 |    10 ||   125
       Throw Flame       |    24 |    47 |     8 ||    79
       Conjure Flame     |       |     3 |       ||     3
       Sticky Flame      |       |     1 |     2 ||     3
  Use: Scroll            |       |     2 |       ||     2
  Eat: Chunk             |     1 |    10 |     1 ||    12
Armor: Robe              |     7 |    22 |     2 ||    31
Dodge: Dodged            |    11 |    58 |     4 ||    73
Block: Other             |       |    17 |     2 ||    19
       Reflection        |       |     1 |       ||     1

Vault maps used:
D:1:      tarquinn_simple_flora_water_e, serial_corexii_hall,
          corexii_hall_statues_t, corexii_hall_statues_x, minmay_pentomino_p2
D:2:      nicolae_overflow_crystal_walls, chequers_ecumenical_altar_twisty,
          uniq_jessica, uniq_robin
D:3:      wad_river_or_something, zin_angel
D:4:      nicolae_overflow_hidden_temple, serial_forest,
          infiniplex_forest_lined_corner, infiniplex_forest_clump_small,
          infiniplex_forest_lined_room_2, infiniplex_forest_clump_diagonal,
          infiniplex_forest_lined_room_3, infiniplex_forest_clump_C,
          infiniplex_forest_lined_room_, infiniplex_forest_lined_room_,
          first_bread

Table legend:
 A = Turns spent in this place as a percentage of turns spent in the entire game.
 B = Non-inter-level travel turns spent in this place as a percentage of non-inter-level travel turns spent in the entire game.
 C = Inter-level travel turns spent in this place as a percentage of turns spent in this place.
 D = Turns resting spent in this place as a percentage of non-inter-level travel turns spent in this place.
 E = Turns spent auto-exploring this place as a percentage of non-inter-level travel turns spent in this place.
 F = Non-inter-level travel turns spent in this place divided by the number of levels of this place that you've seen.
                   A       B       C       D       E      F
               +-------+-------+-------+-------+-------+----------------------
         Total | 100.0 | 100.0 |   0.2 |   4.3 |  10.3 | 321.8
       Dungeon | 100.0 | 100.0 |   0.2 |   4.3 |  10.3 | 321.8
               +-------+-------+-------+-------+-------+----------------------

Table legend:
 A = Kills in this place as a percentage of kills in entire the game.
 B = Kills by you in this place as a percentage of kills by you in the entire game.
 C = Kills by friends in this place as a percentage of kills by friends in the entire game.
 D = Other kills in this place as a percentage of other kills in the entire game.
 E = Experience gained in this place as a percentage of experience gained in the entire game.
 F = Experience gained in this place divided by the number of levels of this place that you have seen.
                   A       B       C       D       E      F
               +-------+-------+-------+-------+-------+----------------------
         Total | 100.0 | 100.0 |  -nan | 100.0 | 100.0 | 219.0
       Dungeon | 100.0 | 100.0 |  -nan | 100.0 | 100.0 | 219.0
               +-------+-------+-------+-------+-------+----------------------
